 Dungeon Crawl Stone Soup version 0.25-a0-404-gc1b5a34292 (webtiles) character file.

Game seed: 3081765401882881585, levelgen mode: classic

40121 EnegeticOcto the Severer (level 13, -8/121 (122) HPs)
             Began as a Minotaur Fire Elementalist on Jan 12, 2020.
             Was an Initiate of Gozag.
             Mangled by a white ugly thing (25 damage)
             ... on level 12 of the Dungeon.
             The game lasted 00:28:31 (24605 turns).

EnegeticOcto the Severer (MiFE)                    Turns: 24605, Time: 00:28:32

HP:   -8/121 (122)  AC: 25    Str: 17    XL:     13   Next: 72%
MP:   14/14         EV:  8    Int: 12    God:    Gozag
Gold: 5637          SH:  9    Dex: 12    Spells: 14/14 levels left

rFire    + + .     SeeInvis .   a - +1 war axe (flame)
rCold    . . .     Gourm    .   d - +1 shield {rF+}
rNeg     . . .     Faith    .   j - +1 plate armour
rPois    .         Spirit   .   (helmet restricted)
rElec    .         Reflect  .   H - +2 cloak
rCorr    .         Harm     .   x - +2 pair of gloves
MR       .....                  N - +0 pair of boots
Stlth    ..........             t - amulet of rage
HPRegen  0.30/turn              C - ring of protection from fire
MPRegen  0.14/turn              (no ring)

@: gold aura, studying Fighting
A: retaliatory headbutt, horns 2
a: Potion Petition, Call Merchant, Bribe Branch, Renounce Religion, Evoke
Berserk Rage


You were on level 12 of the Dungeon.
You worshipped Gozag.
Gozag was greatly pleased with you.
You were very hungry.

You visited 3 branches of the dungeon, and saw 19 of its levels.
You also visited: Bailey.

You collected 5733 gold pieces.
You paid 96 gold pieces to Gozag.

Inventory:

Hand Weapons
 a - a +1 war axe of flaming (weapon)
 b - the +9 staff of Olgreb {rPois∞}
   (You found it on level 7 of the Dungeon)

   It grants immunity to poison.
Armour
 d - a +1 shield of fire resistance (worn)
 j - a +1 plate armour (worn)
 p - a scarf of resistance
 x - a +2 pair of gloves (worn)
 H - a +2 cloak (worn)
 N - a +0 pair of boots (worn)
 Q - the +2 scale mail of Lucidity {+Blink rElec, unknown}
   (You found it on level 1 of the Lair of Beasts)

   It insulates you from electricity.
   It lets you blink.
Jewellery
 t - an amulet of rage (around neck)
 B - an uncursed ring of flight
 C - a ring of protection from fire (left hand)
Wands
 o - a wand of acid (9)
 E - a wand of paralysis (4)
 I - a wand of polymorph (6)
 J - a wand of digging (6)
Scrolls
 c - 12 scrolls of teleportation {@r3 !r}
 m - 14 scrolls of remove curse {@r2}
 q - 2 scrolls of immolation
 w - 3 scrolls of fear {!r}
 y - 6 scrolls of enchant weapon
 D - 2 scrolls of enchant armour
 L - a scroll of blinking {@r4}
 P - 2 scrolls of fog {!r}
Potions
 f - a potion of cancellation {unknown}
 g - 2 potions of haste {@q4 !q}
 l - a potion of magic
 n - 9 potions of curing {@q1 !q}
 r - 4 potions of lignification {@q6}
 u - 6 potions of heal wounds {@q2 !q}
 v - 2 potions of agility {@q5 !q}
 z - a potion of brilliance {unknown}
 G - a potion of ambrosia
Books
 h - a manual of Fighting
Miscellaneous
 s - a sack of spiders
Comestibles
 e - 9 rations


   Skills:
 + Level 13.1 Fighting
 * Level 16.6 Axes
   Level 0.9(11.2) Polearms
 + Level 12.4 Armour
 + Level 11.6 Dodging
 - Level 1.5 Stealth
 * Level 2.0 Shields
 - Level 1.3 Spellcasting
   Level 0.6 Conjurations
   Level 2.1 Fire Magic
 - Level 2.0 Evocations


You had 14 spell levels left.
You didn't know any spells.
Your spell library contained the following spells:

 Spells                   Type           Power        Failure   Level  Hunger
 Animate Skeleton         Necr           N/A          100%        1    ##.....
 Apportation              Tloc           #.....       100%        1    ##.....
 Corona                   Hex            #......      100%        1    ##.....
 Foxfire                  Conj/Fire      #...         100%        1    ##.....
 Pain                     Necr           #...         100%        1    ##.....
 Summon Small Mammal      Summ           #...         100%        1    ##.....
 Conjure Flame            Conj/Fire      #.......     100%        3    ####...
 Inner Flame              Hex/Fire       #.......     100%        3    ####...
 Recall                   Summ/Tloc      N/A          100%        3    ####...
 Vampiric Draining        Necr           #.........   100%        3    ####...
 Animate Dead             Necr           N/A          100%        4    #####..
 Sticky Flame             Conj/Fire      #.......     100%        4    #####..
 Agony                    Necr           #.......     100%        5    ######.
 Borgnjor's Vile Clutch   Necr/Erth      #.........   100%        5    ######.
 Fireball                 Conj/Fire      #.........   100%        5    ######.
 Death Channel            Necr           #.........   100%        6    #######
 Simulacrum               Ice/Necr       #.........   100%        6    #######


Dungeon Overview and Level Annotations

Branches:
Dungeon (12/15)            Temple (1/1) D:7            Lair (6/6) D:11
 Shoals (0/4) Lair:2        Snake (0/4) Lair:4        Slime (0/5) Lair:5
    Orc (0/2) D:9          Bailey (visited)

Altars:
Ashenzari
Cheibriados
Dithmenos
Elyvilon
Fedhas
Gozag
Makhleb
Nemelex Xobeh
Qazlal
Ru
Sif Muna
Trog
Uskayaw
Vehumet
Wu Jian
Xom
Yredelemnul
Zin
The Shining One

Shops:
D:12 (

Annotations:
D:7 1 runed translucent door
D:8 exclusion: statue
D:9 2 runed translucent doors
Lair:2 1 runed translucent door, Voker57's ghost, journeyman SpBe


Innate Abilities, Weirdness & Mutations

You reflexively headbutt those who attack you in melee.
You have a pair of horns on your head.


Message History

You block the orc warrior's attack. The wraith hits you but does no damage.
You closely miss the wraith.
You hit the orc warrior but do no damage.
A white ugly thing comes into view.
You block the wraith's attack.
The orc warrior hits you but does no damage.
Your shield and plate armour prevent you from hitting the wraith.
The white ugly thing gurgles horribly!
You hit the orc warrior. You burn the orc warrior.
You hit the orc warrior but do no damage.
The orc warrior is lightly wounded.
You hit the wraith. You burn the wraith.
The wraith hits you but does no damage. You block the orc warrior's attack.
You slash the wraith! You burn the wraith.
The wraith is heavily damaged.
You slash the orc warrior! You burn the orc warrior.
You block the wraith's attack.
The orc warrior hits you with a +0 flail.
You closely miss the orc warrior. Your headbutt misses the orc warrior.
The orc warrior is severely wounded.
You hit the wraith but do no damage. The wraith hits you but does no damage.
You hit the orc warrior but do no damage.
You headbutt the orc warrior.
The orc warrior is almost dead.
Your shield and plate armour prevent you from hitting the wraith.
The orc warrior hits you but does no damage.
The wraith barely misses you.
You hit the orc warrior but do no damage.
Your headbutt misses the orc warrior.
The orc warrior is almost dead.
You slash the wraith! You burn the wraith. You slash the troll!
You burn the troll. The troll bites you but does no damage.
The troll claws you but does no damage. x2
A howler monkey comes into view.
You block the orc warrior's attack. You block the wraith's attack.
Your plate armour prevents you from hitting the orc warrior.
The howler monkey howls!
You headbutt the orc warrior.
You kill the orc warrior!
You slash the troll! You burn the troll.
Your shield and plate armour prevent you from hitting the wraith.
The troll bites you but does no damage.
The troll claws you but does no damage. x2
You slash the wraith! You burn the wraith.
You destroy the wraith!
You hit the white ugly thing. You burn the white ugly thing.
You slash the troll! You burn the troll.
You block the white ugly thing's attack.
The howler monkey hoots and howls with incredible vigour!
The troll bites you but does no damage. The troll barely misses you.
The troll claws you but does no damage.
You hear a shout!
You slash the troll! You burn the troll.
You kill the troll!
Your Shields skill increases to level 2!
You closely miss the white ugly thing. The white ugly thing barely misses you.
You furiously retaliate!
You headbutt the white ugly thing, but do no damage.
You slash the white ugly thing! You burn the white ugly thing.
The white ugly thing is lightly wounded.
The white ugly thing punches you but does no damage.
You closely miss the white ugly thing.
The white ugly thing is lightly wounded.
You are feeling very hungry.
You slash the white ugly thing! You burn the white ugly thing.
The white ugly thing is moderately wounded.
The white ugly thing punches you! The white ugly thing freezes you!!
You hit the white ugly thing. You burn the white ugly thing.
The white ugly thing is moderately wounded.
The white ugly thing punches you but does no damage.
You closely miss the white ugly thing.
The white ugly thing is moderately wounded.
You hit the howler monkey. You burn the howler monkey.
The white ugly thing punches you but does no damage.
You slice the white ugly thing!! You burn the white ugly thing!
You headbutt the white ugly thing, but do no damage.
The white ugly thing is almost dead.
You hit the howler monkey. You burn the howler monkey.
The howler monkey hits you but does no damage.
The white ugly thing punches you! The white ugly thing freezes you!!
The howler monkey hoots and howls with incredible vigour!
You hear a horrible gurgling sound!
You hear a shout!
You hear an angry hiss.
You are too injured to fight recklessly!
You are too injured to fight recklessly!
You are too injured to fight recklessly!
You are too injured to fight recklessly!
Your shield prevents you from hitting the white ugly thing.
The white ugly thing is almost dead.
You hit the howler monkey. You burn the howler monkey.
You kill the howler monkey!
The white ugly thing punches you. The white ugly thing freezes you!
* * * LOW HITPOINT WARNING * * *
You hit the white ugly thing but do no damage.
The white ugly thing is almost dead.
You closely miss the white ugly thing.
The white ugly thing is almost dead.
The white ugly thing punches you!
* * * LOW HITPOINT WARNING * * *
The white ugly thing freezes you!!
You die...
Your body crumbles into a pile of gold.

#.#.## #....#*,,**,,**,,** #.#.#
#....#*,,**,,**,,** ..#.#
#....#*,,**,,**,,** ###.######
#....#*,,**,,**,,** #..<...#
#....#*,,**,,**,,**
####.###.######..?.#*,,**,,**,,**
.....# #......#....#*,,**,,**,,**
####.###.######....#*,,**,,**,,**
..............#.@..#*,,**,,**,,**
#####...##.####$u$.#*,,**,,**,,**
##.....# #....#*,,,,,,**$$**
#####.####....#**,,,,***,***
##)..#....#******* *****
##..#.....* *, ####.....#* **,
#......*** ***,,
*,,,,,,,,******,,,,


You could see a white ugly thing.

Vanquished Creatures
  Erolcha (D:11)
  4 hydras
  Erica (D:8)
  4 two-headed ogres
  Urug (Lair:2)
  Nergalle (Lair:1)
  A fire crab (Lair:5)
  An orc knight (Bailey)
  A black mamba (Lair:5)
  Psyche (D:8)
  8 elephants
  A gargoyle (D:11)
  13 spiny frogs
  Maggie (D:11)
  A centaur skeleton (D:10)
  An efreet (D:12)
  6 komodo dragons
  A queen bee (D:11)
  7 polar bears
  8 trolls
  5 blink frogs (Lair:5)
  6 hippogriffs
  A wraith (D:12)
  5 wyverns
  4 basilisks
  18 yaks
  3 hungry ghosts
  A steam dragon (Lair:3)
  4 vampire mosquitoes (D:12)
  3 nagas (Lair:4)
  2 soldier ants (D:7)
  10 water moccasins
  9 porcupines
  3 ice beasts
  9 orc warriors
  3 black bears
  4 sky beasts
  2 necrophages
  5 ogres
  3 phantoms
  9 wolves
  3 centaurs
  5 crocodiles
  17 bullfrogs
  A big kobold (D:11)
  Blork the orc (D:4)
  3 scorpions
  38 killer bees
  2 electric eels (Lair:3)
  6 howler monkeys
  2 bullfrog zombies
  3 crimson imps
  2 jellies
  A quasit (D:8)
  A centaur zombie (D:11)
  4 hounds
  3 orc priests
  2 bullfrog skeletons
  3 iguanas
  13 orc wizards
  12 worker ants
  A killer bee zombie (D:7)
  2 hound skeletons
  5 gnolls
  A worker ant zombie (D:9)
  11 adders
  2 shadow imps
  An adder zombie (D:8)
  4 worms
  5 dart slugs
  7 leopard geckos
  51 orcs
  10 bats
  4 giant cockroaches
  12 goblins
  9 hobgoblins
  12 jackals
  4 quokkas
  2 ball pythons
  3 frilled lizards
  A giant cockroach zombie (D:6)
  23 kobolds
  A leopard gecko skeleton (D:4)
  A quokka skeleton (D:6)
  A quokka zombie (D:8)
  3 rats
  2 fungi (Lair:2)
  A plant (Lair:5)
473 creatures vanquished.

Vanquished Creatures (others)
  3 foxfires (D:1)
  2 fungi
  A plant (Lair:3)
6 creatures vanquished.

Grand Total: 479 creatures vanquished

Notes
Turn   | Place    | Note
-------+----------+-------------------------------------------
     0 | D:1      | EnegeticOcto the Minotaur Fire Elementalist began the quest
                  | for the Orb.
     0 | D:1      | Reached XP level 1. HP: 14/14 MP: 1/1
    66 | D:1      | Reached skill level 1 in Fighting
   657 | D:1      | Reached XP level 2. HP: 24/24 MP: 3/3
  1128 | D:2      | Reached XP level 3. HP: 20/31 MP: 4/4
  2602 | D:3      | Reached XP level 4. HP: 41/41 MP: 5/5
  2952 | D:3      | Reached skill level 1 in Armour
  3064 | D:3      | Reached skill level 1 in Axes
  3153 | D:3      | Reached XP level 5. HP: 47/47 MP: 6/6
  3706 | D:4      | Reached skill level 2 in Axes
  4145 | D:4      | Reached skill level 5 in Fighting
  4248 | D:4      | Noticed Blork the orc
  4261 | D:4      | Killed Blork the orc
  4261 | D:4      | Reached skill level 3 in Axes
  4261 | D:4      | Reached XP level 6. HP: 56/56 MP: 7/7
  5124 | D:5      | Entered Level 5 of the Dungeon
  5644 | D:5      | Reached skill level 4 in Axes
  5690 | D:5      | Reached XP level 7. HP: 43/61 MP: 8/8
  5806 | D:5      | Found a blossoming altar of Fedhas.
  5895 | D:5      | Reached skill level 1 in Evocations
  6327 | D:5      | Found a shadowy altar of Dithmenos.
  6634 | D:6      | Reached skill level 5 in Axes
  6911 | D:6      | Reached XP level 8. HP: 31/70 MP: 9/9
  7483 | D:7      | Noticed a two-headed ogre
  7489 | D:7      | Killed a two-headed ogre
  7489 | D:7      | Reached skill level 7 in Axes
  7489 | D:7      | Reached skill level 5 in Armour
  7489 | D:7      | Reached skill level 5 in Dodging
  7614 | D:7      | Found a staircase to the Ecumenical Temple.
  7665 | Temple   | Entered the Ecumenical Temple
  7979 | Temple   | Became a worshipper of Gozag Ym Sagoz the Greedy
  8039 | D:7      | Reached XP level 9. HP: 74/79 MP: 10/10
  8078 | D:7      | Reached skill level 8 in Axes
  8488 | D:7      | Found a glowing silver altar of Zin.
  8491 | D:7      | Noticed an angel
  8494 | D:7      | Found a shimmering altar of Xom.
  8576 | D:7      | Found a runed translucent gate.
  8682 | D:7      | Found a runed translucent door.
  8689 | D:7      | Found a runed translucent gate.
  8689 | D:7      | Found a runed translucent gate.
  8698 | D:7      | Found a runed translucent door.
  8763 | D:7      | Found the +9 staff of Olgreb {rPois∞}
  8791 | D:7      | Reached skill level 9 in Axes
  9180 | D:8      | Noticed a two-headed ogre
  9187 | D:8      | Killed a two-headed ogre
  9213 | D:8      | Noticed Psyche
  9232 | D:8      | Killed Psyche
  9232 | D:8      | Reached skill level 10 in Axes
  9232 | D:8      | Reached XP level 10. HP: 59/90 MP: 11/11
  9842 | D:8      | Noticed a two-headed ogre
  9853 | D:8      | Killed a two-headed ogre
 10389 | D:8      | Noticed Erica
 10396 | D:8      | Killed Erica
 10396 | D:8      | Reached skill level 11 in Axes
 10488 | D:8      | Found a radiant altar of Vehumet.
 11299 | D:9      | Found a staircase to the Orcish Mines.
 11446 | D:9      | Reached XP level 11. HP: 62/98 MP: 7/12
 11648 | D:9      | Noticed a naga warrior
 11649 | D:9      | Found a large runed translucent door.
 11650 | D:9      | Found a large runed translucent door.
 11903 | D:9      | Reached skill level 12 in Axes
 12254 | D:9      | Noticed a two-headed ogre
 12342 | D:10     | Entered Level 10 of the Dungeon
 12360 | D:10     | Noticed a two-headed ogre
 12378 | D:10     | Killed a two-headed ogre
 12378 | D:10     | Reached skill level 10 in Fighting
 14172 | D:11     | Found a staircase to the Lair.
 14172 | D:11     | Noticed Maggie
 14218 | D:11     | Killed Maggie
 14222 | D:11     | Reached skill level 13 in Axes
 14928 | D:11     | Reached skill level 10 in Armour
 14976 | D:11     | Noticed Erolcha
 15003 | D:11     | Killed Erolcha
 15355 | D:11     | Reached XP level 12. HP: 97/109 MP: 13/13
 15702 | Lair:1   | Entered Level 1 of the Lair of Beasts
 16120 | Lair:1   | Noticed Nergalle
 16136 | Lair:1   | Killed Nergalle
 16136 | Lair:1   | Reached skill level 14 in Axes
 16508 | Lair:1   | Got a slimy scale mail
 16635 | Lair:2   | Noticed Urug
 16651 | Lair:2   | Killed Urug
 16651 | Lair:2   | Reached skill level 10 in Dodging
 17171 | Lair:2   | Found a staircase to the Shoals.
 17248 | Lair:2   | Noticed Voker57's ghost (journeyman SpBe)
 17250 | Lair:2   | Found a runed translucent door.
 18704 | Lair:3   | Reached skill level 15 in Axes
 18980 | Lair:3   | Noticed an eight-headed hydra
 18988 | Lair:3   | Killed a four-headed hydra
 19960 | Lair:4   | Reached XP level 13. HP: 79/117 MP: 14/14
 20284 | Lair:4   | Found a staircase to the Snake Pit.
 21261 | Lair:5   | Found a staircase to the Slime Pits.
 21911 | Lair:5   | Reached skill level 16 in Axes
 23080 | Lair:6   | Entered Level 6 of the Lair of Beasts
 23721 | D:12     | Identified 3 scrolls of acquirement
 23722 | D:12     | Identified Ewo Kiok's Guide on Feathers (You acquired it on
                  | level 12 of the Dungeon)
 23723 | D:12     | Identified the amulet "Foskyakh" {Acrobat Str-4 Int+2
                  | Dex+3} (You acquired it on level 12 of the Dungeon)
 23733 | D:12     | Found Urifa's Antique Weapon Shop.
 23765 | D:12     | Found a flagged portal.
 23788 | Bailey   | Entered a bailey
 23814 | Bailey   | Reached skill level 1 in Shields
 24605 | D:12     | Mangled by a white ugly thing

Levels and vault maps discovered:
D:1:      tarquinn_simple_flora_water_a, layout_basic, hex_tiny, minivault_5
D:2:      wad_lake_hut, layout_basic, serial_park_tiny_1
D:3:      layout_basic, first_ration, st_stairs_10
D:4:      layout_rooms, uniq_blork_the_orc
D:5:      layout_loops_ring, nicolae_overflow_hidden_temple, basic_altar
D:6:      layout_basic
D:7:      layout_basic, grunt_temple_overflow_order_and_chaos_1,
          minmay_temple_entry_glass, minmay_guarded_unrand_staff_of_olgreb
D:8:      layout_basic, vehumet_statue, uniq_psyche, uniq_erica
D:9:      okawaru_arena_lexackson, layout_loops_cross, orc_0_dummy
D:10:     layout_layer_cave
D:11:     layout_roguey, david_lair_generic, david_nohive_1, uniq_erolcha,
          uniq_maggie
D:12:     minmay_nested_s, layout_loops_ring, enter_bailey_6, serial_shops,
          shop_statue
Temple:   hc_temple_tempest_star
Lair:1:   layout_chaotic_city, minmay_holes, grunt_megastairs_1, uniq_nergalle
Lair:2:   layout_regular_city, elwin_shoals_entry_rocks, gammafunk_ghost_grave,
          grunt_forest_small_clearing_treed, uniq_urug
Lair:3:   layout_long_grid, gammafunk_lair_bear_cave, serial_bayou_shore_a
Lair:4:   layout_cave_pods, guppyfry_snake_entry_island, beast_lair_carwin_10
Lair:5:   layout_cave_pods, slime_dummy, lemuel_fruit_tree
Lair:6:   minmay_lair_end_enchanted_forest, layout_long_grid,
          portal_ice_cave_rime, grunt_megastairs_5, lemuel_fruit_fields,
          infiniplex_staircase_pool

Skill      XL: |  1  2  3  4  5  6  7  8  9 10 11 12 13 |
---------------+----------------------------------------+-----
Fighting       | 2 3 4 5 6 7 8 9 11 12 13 | 13.1
Armour         | 1 2 3 4 5 7 8 10 11 12 | 12.4
Axes           | 1 3 4 5 7 10 11 13 15 16 | 16.6
Dodging        | 3 4 5 7 8 9 10 11 | 11.6
Evocations     | 2 |  2.0
Shields        | 2 |  2.0
Polearms       | |  0.9
Stealth        | |  1.5
Spellcasting   | |  1.3
Conjurations   | |  0.6
Fire Magic     | |  2.1

Action                   |  1- 3 |  4- 6 |  7- 9 | 10-12 | 13-15 || total
-------------------------+-------+-------+-------+-------+-------++-------
Melee: Dagger            |   149 |       |       |       |       ||   149
       Unarmed           |     6 |       |       |       |       ||     6
       Headbutt          |    19 |    32 |    44 |   130 |    77 ||   302
       Spear             |     8 |   235 |       |       |       ||   243
       Hand axe          |       |    25 |   253 |   237 |       ||   515
       Staff             |       |       |       |   214 |       ||   214
       War axe           |       |       |       |   340 |   334 ||   674
 Cast: Foxfire           |     2 |       |       |       |       ||     2
 Abil: Evoke Berserk Rag |       |     2 |     5 |     1 |       ||     8
Evoke: Wand              |       |       |     5 |     6 |     5 ||    16
       Staff of Olgreb   |       |       |       |    17 |       ||    17
  Use: Scroll            |     3 |       |       |    17 |     8 ||    28
       Potion            |       |     1 |       |     3 |     3 ||     7
 Stab: Paralysed         |       |       |     3 |       |     1 ||     4
       Distracted        |       |       |       |     2 |     2 ||     4
  Eat: Chunk             |     4 |     7 |    10 |       |       ||    21
       Ration            |     1 |     1 |     3 |    12 |     4 ||    21
Armor: Plate armour      |   128 |   128 |   210 |   684 |   307 ||  1457
       Robe              |     5 |       |       |       |       ||     5
       Skin              |       |       |       |     4 |       ||     4
Dodge: Dodged            |    28 |    39 |    96 |   367 |   196 ||   726
Block: Shield            |       |       |       |       |   137 ||   137

Table legend:
 A = Non-vault XP
 B = Vault XP
 C = Vault XP percentage of total XP
 D = Non-vault monster count
 E = Vault monster count
 F = Vault count percentage of total count
                 A         B        C        D         E       F
            +---------+---------+-------+---------+---------+-------
      Total |   42748 |   14568 |  25.4 |     367 |     103 |  21.9
            +---------+---------+-------+---------+---------+-------
        D:1 |      23 |       0 |   0.0 |      13 |       0 |   0.0
        D:2 |      68 |       0 |   0.0 |      15 |       0 |   0.0
        D:3 |     107 |       6 |   5.3 |      29 |       2 |   6.5
        D:4 |     282 |      85 |  23.2 |      20 |       1 |   4.8
        D:5 |     442 |       0 |   0.0 |      19 |       0 |   0.0
        D:6 |     516 |       0 |   0.0 |      14 |       0 |   0.0
        D:7 |    2561 |    1403 |  35.4 |      38 |      19 |  33.3
        D:8 |    3500 |    1368 |  28.1 |      33 |       2 |   5.7
        D:9 |    1769 |       0 |   0.0 |      16 |       0 |   0.0
       D:10 |    3210 |       0 |   0.0 |      29 |       0 |   0.0
       D:11 |    2936 |    3779 |  56.3 |      31 |      23 |  42.6
       D:12 |    1708 |    1205 |  41.4 |      12 |       8 |  40.0
     Lair:1 |    1378 |     804 |  36.8 |       8 |       1 |  11.1
     Lair:2 |    4448 |     843 |  15.9 |      21 |       1 |   4.5
     Lair:3 |    4262 |     422 |   9.0 |      18 |       2 |  10.0
     Lair:4 |    4709 |    3089 |  39.6 |      15 |      11 |  42.3
     Lair:5 |    9864 |     489 |   4.7 |      31 |       1 |   3.1
     Lair:6 |     965 |       0 |   0.0 |       5 |       0 |   0.0
     Bailey |       0 |    1075 | 100.0 |       0 |      32 | 100.0
            +---------+---------+-------+---------+---------+-------
